 Dungeon Crawl Stone Soup version 0.31-a0-75-g6fe912e8c5 (webtiles) character file.

Game seed: 6621663419395698020

34146 lunkers the Scorcher (level 14, -10/105 HPs)
             Began as a Meteoran Wanderer on May 23, 2023.
             Was a High Priest of Vehumet.
             Mangled by a cane toad (15 damage)
             ... on level 5 of the Lair of Beasts.
             The game lasted 00:41:36 (5352 turns).

lunkers the Scorcher (Meteoran Wanderer)            Turns: 5352, Time: 00:41:37

Health: -10/105    AC: 10    Str: 11    XL:     14   Next: 45%
Magic:  0/31       EV: 19    Int: 19    God:    Vehumet [*****.]
Gold:   636        SH:  5    Dex: 16    Spells: 20/37 levels left

rFire   + . .        a - staff of fire
rCold   . . .        d - +0 buckler
rNeg    + . .        p - +2 robe {Will+}
rPois   +            G - +2 hat of the Bear Spirit {Spirit, Bear, *Rage Will++}
rElec   .            H - +2 ratskin cloak {*Rats rPois rN+ Str-1 Int-1 Dex+1}
rCorr   .            (no gloves)
SInv    +            F - +0 pair of boots {Fly}
Will    ++++.        (no amulet) Stlth
                     m - ring of see invisible
HPRegen 0.37/turn    s - +5 ring of evasion
MPRegen 0.22/turn

%: random rage (20%), guardian spirit
@: lethally poisoned (-10 -> -17), silenced, on berserk cooldown, flying,
slowed, glowing, very slow
A: sense surroundings 2, otherworldly, glowing, explore regen
a: Renounce Religion


You were on level 5 of the Lair of Beasts.
You worshipped Vehumet.
Vehumet was extremely pleased with you.
You visited 3 branches of the dungeon, and saw 15 of its levels.
You also visited: Bailey.

You collected 636 gold pieces.

Inventory:

Hand Weapons
 f - a +2 war axe of venom
 z - a +4 scimitar of draining
 D - a +5 long sword of electrocution
 J - a +5 short sword
Missiles
 i - 2 throwing nets
Armour
 c - +0 steam dragon scales
 d - a +0 buckler (worn)
 p - a +2 robe of willpower (worn)
 F - a +0 pair of boots of flying (worn)
 G - the +2 hat of the Bear Spirit (worn) {Spirit, Bear, *Rage Will++}
   (You found it in a bailey)

   Bear:      Going berserk makes the wearer exceptionally tough, and they are
   slowed for a shorter time afterward.
   *Rage:     It berserks you when you make melee attacks (+20% chance).
   Will:      It greatly increases your willpower.
 H - the +2 ratskin cloak (worn) {*Rats rPois rN+ Str-1 Int-1 Dex+1}
   (You found it on level 2 of the Lair of Beasts)

   *Rats:     When the wearer is hurt, rats may emerge from it to assist them.
   Str:       It affects your strength (-1).
   Int:       It affects your intelligence (-1).
   Dex:       It affects your dexterity (+1).
   rPois:     It protects you from poison.
   rN:        It protects you from negative energy.
 I - the +2 pair of boots of Autumn {rElec Will- Int+3}
   (You found it on level 8 of the Dungeon)

   Int:       It affects your intelligence (+3).
   rElec:     It insulates you from electricity.
   Will:      It decreases your willpower.
Magical Staves
 a - a staff of fire (weapon)
Jewellery
 b - a +6 ring of strength
 l - an amulet of guardian spirit
 m - a ring of see invisible (left hand)
 n - a ring of protection from cold
 s - a +5 ring of evasion (right hand)
Wands
 j - a wand of charming (5)
 o - a wand of light (11)
 v - a wand of iceblast (1)
 x - a wand of polymorph (11)
 y - a wand of flame (10)
Scrolls
 h - a scroll of fog
 k - a scroll of amnesia
Potions
 e - a potion of attraction {unknown}
 g - 2 potions of berserk rage
 q - a potion of cancellation
 r - a potion of magic {unknown}
 u - 2 potions of mutation {unknown}
 C - a potion of enlightenment
 E - a potion of might {unknown}
 K - a potion of resistance {unknown}
Miscellaneous
 w - a box of beasts
 B - a condenser vane


   Skills:
 + Level 4.8 Fighting
 + Level 5.2 Dodging
 - Level 2.4 Shields
 - Level 12.1 Spellcasting
 - Level 16.2 Conjurations
 - Level 16.6 Fire Magic
 * Level 6.9 Air Magic


You had 20 spell levels left.
You knew the following spells:

 Your Spells              Type           Power      Damage    Failure   Level
b - Flame Wave            Conj/Fire      80%        2d17      1%          4
c - Sticky Flame          Conj/Fire      80%        2d9       1%          4
d - Scorch                Fire           100%       2d9       0%          2
e - Plasma Beam           Fire/Air       33%        2x1d50    5%          6
p - Foxfire               Conj/Fire      100%       2x1d9     0%          1

Your spell library contained the following spells:

 Spells                   Type           Power      Damage    Failure   Level
 Magic Dart               Conj           100%       1d8       0%          1
 Kiss of Death            Conj/Necr      100%       2d13      1%          1
 Shock                    Conj/Air       100%       1d9       1%          1
 Hailstorm                Conj/Ice       36%        3d9       1%          3
 Inner Flame              Hex/Fire       54%        N/A       1%          3
 Mephitic Cloud           Conj/Pois/Air  33%        N/A       1%          3
 Vhi's Electric Charge    Tloc/Air       36%        N/A       12%         3
 Call Imp                 Summ           22%        N/A       13%         2
 Call Canine Familiar     Summ           11%        N/A       26%         3
 Confusing Touch          Hex            11%        N/A       26%         3
 Portal Projectile        Hex/Tloc       10%        N/A       43%         3
 Dispel Undead            Necr           11%        3d9       63%         4
 Yara's Violent Unravell  Hex/Tmut       2%         3d3       69%         5
 Ice Form                 Ice/Tmut       5%         N/A       83%         4
 Leda's Liquefaction      Hex/Erth       2%         N/A       83%         4
 Simulacrum               Ice/Necr       2%         N/A       100%        6
 Enfeeble                 Hex            5%         N/A       100%        7


Dungeon Overview and Level Annotations

Branches:
Dungeon (9/15) Zot: 1901   Temple (1/1) D:6 Zot: 412    Lair (5/5) D:8 Zot: 1562
  Swamp (0/4) Lair:3       Bailey (visited)
  Snake: Lair:2-3    Spider: Lair:2-3     Slime: Lair:4-5       Orc: D:9-12

Altars:
Ashenzari
Cheibriados
Dithmenos
Elyvilon
Fedhas
Gozag
Hepliaklqana
Kikubaaqudgha
Nemelex Xobeh
Okawaru
Qazlal
Ru
Sif Muna
Trog
Uskayaw
Vehumet
Wu Jian
Xom
Zin
The Shining One

Annotations:
Lair:1 Nergalle


Innate Abilities, Weirdness & Mutations

You passively map the area around you.
You are easily found by Zot.
You glow in the dark.
You regain HP and MP as you explore.


Message History

The cane toad completely misses you.
You barely miss the bullfrog.
The bullfrog is almost dead.
The bullfrog hits you.
* * * LOW HITPOINT WARNING * * *
The blink frog blinks!
The bullfrog hits you but does no damage.
The cane toad stings you.
* * * LOW HITPOINT WARNING * * *
The bullfrog misses you. The cane toad stings you!
* * * LOW HITPOINT WARNING * * *
Your river rat misses the bullfrog.
You hit the bullfrog but do no damage. You burn the bullfrog!
You kill the bullfrog!
Vehumet accepts your kill.
You feel your power returning. The cane toad stings you.
* * * LOW HITPOINT WARNING * * *
You are poisoned.
The cane toad poisons you! The cane toad closely misses you.
Your river rat bites the cane toad.
Unknown command.
You hit the cane toad.
The cane toad is lightly wounded.
You feel extremely sick. The cane toad stings you!
* * * LOW HITPOINT WARNING * * *
The cane toad barely misses you.
Your river rat closely misses the cane toad.
The cane toad stings you!
* * * LOW MAGIC WARNING * * *
* * * LOW HITPOINT WARNING * * *
A river rat scurries out from under your cloak.
Your river rat bites the cane toad.
You hit the cane toad but do no damage. You burn the cane toad!
The cane toad is heavily wounded.
* * * LOW HITPOINT WARNING * * *
You feel very sick. The cane toad stings you!!
* * * LOW MAGIC WARNING * * *
You die...

#~~~.~~~##≈~~~≈~.......†.........
#~~~~~~~~#~≈~≈#~~......÷.........
#~~~~†[.~#~~~##~~~~..............
##~~~[|.~~~#####~~~..÷...........
~~~~~.(.~~~~##~≈≈~...÷...........
~~≈#~)[~~.≈~#~≈P~~......#...#####
~~ #~~~~.≈~~#~~~r.......#.### # ~
##~~.~~~≈~~~≈..P#..##### ##
~~,##.~~~~~~~~~~@....## ##. ~~
#~~~~~~~~~~~Fr....## ###*#..
~~###~~~~~~~~≈~~.~~.~.# #..##..
~.##~~~~~~~~~~~~..#~### #..†.
~.##~≈~≈~≈~~≈~~~.~### #.÷<.
~###~≈≈~≈~.~~~≈..## ##....
~#~~~~~≈~~P~~~~..# #.....
~##~≈~~≈~~~~~~..## ###.....
###~~~~.~~~~P..~# ###.......


You could see a cane toad (ally target) and 2 friendly river rats.

Vanquished Creatures
  3 hydras
  A centaur warrior (D:8)
  3 boulder beetles
  A two-headed ogre (D:8)
  A goliath frog (Lair:5)
  A skyshark (Lair:3)
  Pikel (D:4)
  A lindwurm (Lair:5)
  A deep elf pyromancer (D:8)
  6 black mambas
  Maurice (D:8)
  An elephant (D:8)
  A torpor snail (Lair:4)
  21 cane toads
  6 rime drakes
  5 komodo dragons
  2 polar bears (Lair:4)
  2 tyrant leeches (Lair:5)
  A hornet (D:7)
  20 blink frogs
  A slime creature (D:8)
  A wyvern (Lair:5)
  19 yaks
  3 basilisks
  4 vampire mosquitoes (Lair:5)
  Menkaure (D:7)
  A steam dragon (D:6)
  Edmund (D:5)
  6 water moccasins
  6 orc warriors
  A sky beast (D:7)
  2 black bears (D:8)
  17 wolves
  A centaur (D:8)
  18 bullfrogs
  A gnoll sergeant (D:7)
  3 scorpions
  6 wights (D:8)
  2 electric eels (Lair:5)
  A howler monkey (D:8)
  4 hounds
  A jelly (D:6)
  5 gnoll boudas
  4 orc priests
  2 sleepcaps
  3 iguanas
  5 orc wizards
  17 gnolls
  An adder (D:4)
  3 white imps
  4 ufetubi
  A dart slug (D:2)
  19 orcs
  10 endoplasms
  4 giant cockroaches
  11 goblins
  11 hobgoblins
  2 jackals (D:2)
  11 kobolds
  A quokka (D:4)
  4 ball pythons
  A bat (D:2)
  6 frilled lizards
  2 rats (D:1)
306 creatures vanquished.

Vanquished Creatures (collateral kills)
  A cane toad (Lair:4)
  A komodo dragon (Lair:4)
  A water moccasin (Lair:5)
3 creatures vanquished.

Vanquished Creatures (others)
  543 foxfires
543 creatures vanquished.

Grand Total: 852 creatures vanquished

Notes
Turn   | Place    | Note
-------+----------+-------------------------------------------
     0 | D:1      | lunkers the Meteoran Wanderer began the quest for the Orb.
     0 | D:1      | lunkers set off with the following items: a +0 dagger, a
                  | potion of curing, a +0 robe, a +0 buckler; and the
                  | following spells available to memorise: Foxfire, Shock,
                  | Vhi's Electric Charge, Flame Wave, Sticky Flame.
     0 | D:1      | Reached XP level 1. HP: 14/14 MP: 5/5
     2 | D:1      | Learned a level 1 spell: Foxfire
    73 | D:1      | Reached XP level 2. HP: 18/20 MP: 1/6
    91 | D:1      | Reached skill level 1 in Conjurations
   291 | D:2      | Reached XP level 3. HP: 26/26 MP: 2/8
   655 | D:3      | Reached XP level 4. HP: 29/33 MP: 4/10
   667 | D:3      | Reached XP level 5. HP: 33/38 MP: 0/11
   795 | D:4      | Reached skill level 5 in Fire Magic
   861 | D:4      | Reached XP level 6. HP: 30/45 MP: 5/13
   866 | D:4      | Learned a level 4 spell: Flame Wave
   924 | D:4      | Learned a level 4 spell: Sticky Flame
   985 | D:4      | Noticed Pikel
   995 | D:4      | Killed Pikel
   996 | D:4      | Reached skill level 5 in Spellcasting
   996 | D:4      | Reached skill level 5 in Conjurations
   996 | D:4      | Reached XP level 7. HP: 25/50 MP: 5/15
   996 | D:4      | Reached XP level 8. HP: 28/57 MP: 5/16
  1229 | D:5      | Entered Level 5 of the Dungeon
  1349 | D:5      | Found a hazy altar of Hepliaklqana.
  1532 | D:5      | Found a hide-covered altar of Uskayaw.
  1535 | D:5      | Found a glowing silver altar of Zin.
  1699 | D:5      | Found a sacrificial altar of Ru.
  1723 | D:5      | Noticed Edmund
  1731 | D:5      | Killed Edmund
  1749 | D:6      | Gained mutation: You passively map the area around you.
                  | [Meteoran growth]
  1749 | D:6      | Reached XP level 9. HP: 49/62 MP: 4/19
  1842 | D:6      | Found a staircase to the Ecumenical Temple.
  1851 | Temple   | Entered the Ecumenical Temple
  2032 | Temple   | Became a worshipper of Vehumet
  2284 | D:7      | Noticed Menkaure
  2287 | D:7      | Killed Menkaure
  2345 | D:7      | Reached * piety under Vehumet
  2345 | D:7      | Offered knowledge of Sandblast by Vehumet.
  2415 | D:7      | Noticed a hornet
  2420 | D:7      | Killed a hornet
  2421 | D:7      | Reached skill level 10 in Fire Magic
  2421 | D:7      | Reached XP level 10. HP: 51/69 MP: 12/21
  2786 | D:8      | Noticed a centaur warrior
  2787 | D:8      | Noticed a boulder beetle
  2851 | D:8      | Found a transporter.
  2855 | D:8      | Noticed Maurice
  2882 | D:8      | Reached skill level 10 in Conjurations
  2897 | D:8      | Killed Maurice
  2899 | D:8      | Reached ** piety under Vehumet
  2899 | D:8      | Offered knowledge of Static Discharge by Vehumet.
  2899 | D:8      | Noticed a deep elf pyromancer
  2972 | D:8      | Found a transporter.
  3046 | D:8      | Found a staircase to the Lair.
  3046 | D:8      | Noticed an elephant
  3066 | D:8      | Killed an elephant
  3075 | D:8      | Reached XP level 11. HP: 71/74 MP: 3/24
  3154 | D:8      | Found a flagged portal.
  3171 | Bailey   | Entered a bailey
  3355 | Bailey   | Offered knowledge of Scorch by Vehumet.
  3380 | Bailey   | Learned a level 2 spell: Scorch
  3405 | Bailey   | Found the +2 hat of the Bear Spirit {Spirit, Bear, *Rage
                  | Will++}
  3548 | D:8      | Reached *** piety under Vehumet
  3683 | D:8      | Killed a deep elf pyromancer
  3699 | D:8      | Killed a boulder beetle
  3808 | D:8      | Killed a centaur warrior
  3841 | D:8      | Identified the +2 pair of boots of Autumn {rElec Will-
                  | Int+3}
  3891 | Lair:1   | Entered Level 1 of the Lair of Beasts
  3925 | Lair:1   | HP: 3/74 [poisoned by a cane toad]
  3977 | D:8      | Noticed a two-headed ogre
  3983 | D:8      | Killed a two-headed ogre
  3983 | D:8      | Offered knowledge of Hailstorm by Vehumet.
  4019 | Lair:1   | Reached XP level 12. HP: 62/81 MP: 12/26
  4060 | Lair:1   | Reached skill level 10 in Spellcasting
  4217 | Lair:1   | Noticed Nergalle
  4233 | Lair:3   | Noticed a catoblepas
  4239 | Lair:2   | Reached **** piety under Vehumet
  4326 | Lair:2   | Found the +2 ratskin cloak {*Rats rPois rN+ Str-1 Int-1
                  | Dex+1}
  4412 | Lair:3   | Offered knowledge of Freezing Cloud by Vehumet.
  4445 | Lair:3   | Noticed a seven-headed hydra
  4451 | Lair:3   | Killed a seven-headed hydra
  4484 | Lair:3   | Reached skill level 15 in Fire Magic
  4517 | Lair:4   | Reached XP level 13. HP: 86/86 MP: 24/29
  4526 | Lair:4   | Reached skill level 15 in Conjurations
  4537 | Lair:3   | HP: 4/86 [skyshark (5)]
  4543 | Lair:3   | HP: 4/86 [black mamba (8)]
  4639 | Lair:5   | Entered Level 5 of the Lair of Beasts
  4728 | Lair:4   | Reached skill level 1 in Dodging
  4762 | Lair:5   | Noticed an eight-headed hydra
  4766 | Lair:5   | Reached skill level 1 in Fighting
  4773 | Lair:5   | Killed an eight-headed hydra
  4847 | Lair:5   | Noticed a six-headed hydra
  4850 | Lair:5   | Noticed a boulder beetle
  4855 | Lair:5   | Killed a six-headed hydra
  4882 | Lair:5   | Killed a boulder beetle
  4940 | Lair:5   | Reached ***** piety under Vehumet
  4941 | Lair:5   | Reached XP level 14. HP: 100/100 MP: 9/31
  4971 | Lair:5   | Offered knowledge of Plasma Beam by Vehumet.
  4979 | Lair:5   | Learned a level 6 spell: Plasma Beam
  5088 | Lair:5   | Reached skill level 5 in Air Magic
  5254 | Lair:5   | Reached skill level 5 in Dodging
  5323 | Lair:5   | Identified the staff of conjuration "Ykavezuise" {rPois
                  | Str+2 Int-4}
  5352 | Lair:5   | HP: 5/105 [poisoned by a cane toad]
  5352 | Lair:5   | Mangled by a cane toad

Illustrated notes

Levels and vault maps discovered:
D:1:      roderic_dead_forest, layout_basic, serial_glass, glass_columns_c,
          glass_columns_c
D:2:      layout_loops_ring
D:3:      layout_loops_cross, minivault_4
D:4:      layout_basic, uniq_pikel
D:5:      layout_rooms, mainiacjoe_overflow_brackets, kennysheep_mini,
          nicolae_overflow_squiral, uniq_edmund
D:6:      layout_gridville, lemuel_doored_altar, minmay_temple_entry_sparse_star
D:7:      layout_loops_ring, nicolae_overflow_hidden_temple, uniq_menkaure
D:8:      gammafunk_the_bubble [the_bubble_gammafunk_crates], layout_gridville,
          david_lair_generic, enter_bailey_7, uniq_maurice
D:9:      minmay_sliced_demisemicircle, layout_basic, chequers_mini_garden,
          uniq_joseph
Temple:   eino_temple_rhombus
Lair:1:   layout_loops_ring, beast_lair_carwin_9, uniq_nergalle
Lair:2:   layout_chaotic_city, spider_nest_entry_rubble
Lair:3:   layout_chaotic_city, nicolae_swamp_entry_splash_gauntlet,
          grunt_megastairs_1, lemuel_fruit_tree, infiniplex_staircase_pool_2
Lair:4:   dreamdust_cave_troll, layout_regular_city
Lair:5:   minmay_lair_end_frog_pond, layout_hall_layers, slime_entry_2

Skill      XL: |  1  2  3  4  5  6  7  8  9 10 11 12 13 14 |
---------------+-------------------------------------------+-----
Spellcasting   | 3 4 5 6 7 8 9 11 12 | 12.1
Conjurations   | 1 2 3 5 7 9 11 13 14 16 | 16.2
Fire Magic     | 4 5 7 8 10 11 13 15 16 | 16.6
Dodging        | 3 5 |  5.2
Fighting       | 2 4 |  4.8
Air Magic      | 6 |  6.9
Shields        | |  2.4

Action                     |  1- 3 |  4- 6 |  7- 9 | 10-12 | 13-15 || total
---------------------------+-------+-------+-------+-------+-------++-------
  Melee: Dagger            |    44 |    41 |    39 |       |       ||   124
         War axe           |       |       |     7 |     9 |       ||    16
         Short sword       |       |       |       |    36 |       ||    36
         Staff             |       |       |       |     8 |    31 ||    39
   Cast: Foxfire           |    51 |    27 |   125 |   102 |    27 ||   332
         Sticky Flame      |       |     1 |    13 |    50 |    31 ||    95
         Flame Wave        |       |       |     1 |    11 |    17 ||    29
         Scorch            |       |       |       |    44 |    53 ||    97
         Plasma Beam       |       |       |       |       |     4 ||     4
  Evoke: Wand              |       |       |       |    18 |    22 ||    40
    Use: Scroll            |     1 |       |     7 |     5 |     4 ||    17
         Potion            |       |       |       |     2 |     3 ||     5
 Armour: Robe              |    14 |     6 |    14 |    60 |    56 ||   150
  Dodge: Dodged            |    10 |    13 |    45 |   143 |   152 ||   363
  Block: Buckler           |    13 |     9 |    18 |    44 |    68 ||   152

Table legend: (Time is in decaauts)
 A = Elapsed time spent in this place.
 B = Non-inter-level travel time spent in this place.
 C = Inter-level travel time spent in this place.
 D = Time resting spent in this place.
 E = Time spent auto-exploring this place.
 F = Levels seen in this place.
 G = Mean time per level.
                   A        B        C        D        E       F      G
               +--------+--------+--------+--------+--------+-----+--------+
         Total |   5422 |   5336 |     86 |      0 |   2192 |  16 |  338.9 |
       Dungeon |   3498 |   3444 |     54 |      0 |   1848 |   9 |  388.7 |
        Temple |    187 |    181 |      6 |      0 |    143 |   1 |  187.0 |
          Lair |   1435 |   1409 |     26 |      0 |    105 |   5 |  287.0 |
        Bailey |    301 |    301 |      0 |      0 |     96 |   1 |  301.0 |
               +--------+--------+--------+--------+--------+-----+--------+

Top non-repeatable levels by time:
     D:8: 933 daAuts
  Lair:5: 564 daAuts
     D:5: 512 daAuts
     D:7: 492 daAuts
     D:4: 450 daAuts
     D:6: 325 daAuts
  Bailey: 301 daAuts
     D:3: 290 daAuts
  Lair:3: 283 daAuts
     D:1: 259 daAuts
  Lair:1: 254 daAuts
     D:2: 229 daAuts
  Lair:4: 214 daAuts
  Temple: 187 daAuts
  Lair:2: 118 daAuts
